 Dungeon Crawl Stone Soup version 0.29.1-1-gd02db6906a (webtiles) character file.

Game seed: 15377709816998125200

277 fireball365 the Chopper (level 6, -3/52 HPs)
             Began as a Minotaur Fighter on Oct 11, 2022.
             Was a Follower of Fedhas.
             Slain by Crazy Yiuf
             ... wielding a +4 quarterstaff of chaos
              (10 damage)
             ... on level 2 of the Dungeon.
             The game lasted 00:05:26 (1546 turns).

fireball365 the Chopper (Minotaur Fighter)          Turns: 1546, Time: 00:05:26

Health: -3/52      AC:  7    Str: 20    XL:     6   Next: 4%
Magic:  5/5        EV:  9    Int:  5    God:    Fedhas [*.....]
Gold:   129        SH:  5    Dex: 12    Spells: 5/5 levels left

rFire   . . .      SeeInvis .   a - +0 war axe
rCold   . . .      Faith    .   c - +0 buckler
rNeg    . . .      Spirit   .   b - +0 scale mail
rPois   .          Reflect  .   (helmet restricted)
rElec   .          Harm     .   (no cloak)
rCorr   .          Rampage  .   (no gloves)
Will    .....                   (no boots)
Stlth   ..........              (no amulet)
HPRegen 0.17/turn               (no ring)
MPRegen 0.09/turn               (no ring)

@: lethally poisoned (-3 -> -10)
A: horns 2, retaliatory headbutt
a: Renounce Religion


You were on level 2 of the Dungeon.
You worshipped Fedhas.
Fedhas was aware of your devotion.
You visited 1 branch of the dungeon, and saw 2 of its levels.

You collected 129 gold pieces.

Inventory:

Hand Weapons
 a - a +0 war axe (weapon)
 q - a +2 vorpal scythe
 s - the +7 spear of Tampuham {venom, +Blink Int+2}
   (You found it on level 2 of the Dungeon)

   It poisons the flesh of those it strikes.
   Int:       It affects your intelligence (+2).
   +Blink:    It lets you blink.
Missiles
 k - 17 stones (quivered)
Armour
 b - a +0 scale mail (worn)
 c - a +0 buckler (worn)
Scrolls
 e - 2 scrolls of identify {unknown}
 f - 2 scrolls of vulnerability {unknown}
 h - a scroll of immolation {unknown}
 i - 2 scrolls of enchant weapon {unknown}
 j - a scroll of enchant armour {unknown}
 l - a scroll of noise {unknown}
 m - 2 scrolls of magic mapping {unknown}
 n - a scroll of poison {unknown}
 o - a scroll of torment {unknown}
 u - a scroll of butterflies {unknown}
Potions
 d - a potion of might
 g - 2 potions of attraction {unknown}
 p - 2 potions of curing {unknown}
 r - a potion of invisibility
 t - a potion of brilliance {unknown}
 v - a potion of heal wounds {unknown}


   Skills:
 - Level 4.0 Fighting
 + Level 5.8 Axes
 + Level 5.3 Armour
 + Level 0.9 Dodging
 + Level 4.3 Shields


You had 5 spell levels left.
You didn't know any spells.
Your spell library was empty.

Dungeon Overview and Level Annotations

Branches:
Dungeon (2/15)

Altars:
Fedhas

Annotations:
D:2 Crazy Yiuf


Innate Abilities, Weirdness & Mutations

You have a pair of horns on your head.
You reflexively headbutt those who attack you in melee.


Message History

e - 2 scrolls labelled WIVVUSCH LAILOI (gained 1)
Found a bubbling golden potion.
You now have 129 gold pieces (gained 6).
v - a bubbling golden potion You see here a +2 dagger of freezing.
There is an empty arch of ancient stone here.
You see here a +0 dagger.
Items here: ))))))))))).
Crazy Yiuf shouts!
Crazy Yiuf sings, "Trees, trees, trees, circus!"
You open the door. You hit Crazy Yiuf but do no damage.
Crazy Yiuf hits you with a +4 quarterstaff of chaos!
Crazy Yiuf burns you.
Crazy Yiuf hits you with a +4 quarterstaff of chaos!
Crazy Yiuf freezes you.
You hit Crazy Yiuf. You headbutt Crazy Yiuf.
Crazy Yiuf is moderately wounded.
Crazy Yiuf hits you with a +4 quarterstaff of chaos!
You are lethally poisoned!
You hit Crazy Yiuf.
Crazy Yiuf is heavily wounded.
* * * LOW HITPOINT WARNING * * *
You feel very sick. Crazy Yiuf closely misses you.
You closely miss Crazy Yiuf.
Crazy Yiuf is heavily wounded.
* * * LOW HITPOINT WARNING * * *
You feel very sick. Crazy Yiuf barely misses you.
You hit Crazy Yiuf but do no damage.
Crazy Yiuf is heavily wounded.
* * * LOW HITPOINT WARNING * * *
You feel very sick.
Crazy Yiuf cries, "Trifle senile alas!"
Crazy Yiuf barely misses you.
Crazy Yiuf screams, "Citrus!"
Crazy Yiuf hits you with a +4 quarterstaff of chaos!
You die...
Fedhas appreciates your contribution to the ecosystem.

###.##.####....#
#.....#..
#.##..# ##..##
###......
#.##### ♣....♣
#..##.. ### #.#
♣...♣♣
#####.....# ..#
#.# ♣♣.♣♣
#..##.##...
..####.# ♣.♣♣
#..##....#.
.......# ♣♣.♣
#......#.#.
...##### ♣.♣♣
##.###.###. ...#
♣♣@♣ #.# #.....
...# #g#
###.###.#..#
#### ...
#.....###..#
#...#
###.#.######
#..)# #.....#
##### ###.#.#
#...# #####


You could see Crazy Yiuf.

Vanquished Creatures
  Sigmund (D:2)
  Robin (D:2)
  3 adders (D:2)
  2 worms (D:2)
  A dart slug (D:2)
  4 endoplasms
  2 giant cockroaches
  5 hobgoblins
  9 jackals
  3 quokkas
  4 ball pythons
  5 bats (D:2)
  2 frilled lizards
  17 goblins
  7 kobolds
  2 rats (D:2)
68 creatures vanquished.

Notes
Turn   | Place    | Note
-------+----------+-------------------------------------------
     0 | D:1      | fireball365 the Minotaur Fighter began the quest for the
                  | Orb.
     0 | D:1      | Reached XP level 1. HP: 19/19 MP: 0/0
    89 | D:1      | Reached XP level 2. HP: 26/27 MP: 1/1
   497 | D:1      | Reached XP level 3. HP: 32/33 MP: 2/2
   710 | D:2      | Reached XP level 4. HP: 31/40 MP: 3/3
   784 | D:2      | Noticed Sigmund
   800 | D:2      | Killed Sigmund
   801 | D:2      | Reached skill level 5 in Axes
   801 | D:2      | Reached skill level 5 in Armour
   801 | D:2      | Reached XP level 5. HP: 44/46 MP: 4/4
   949 | D:2      | Found a runed translucent door.
   950 | D:2      | Noticed Crazy Yiuf
  1012 | D:2      | Noticed Robin
  1051 | D:2      | Killed Robin
  1052 | D:2      | Reached XP level 6. HP: 20/52 MP: 5/5
  1296 | D:2      | Identified the +7 spear of Tampuham {venom, +Blink Int+2}
  1349 | D:2      | Found a faded altar of an unknown god.
  1354 | D:2      | Prayed at the altar of an unknown god.
  1354 | D:2      | Became a worshipper of Fedhas Madash
  1354 | D:2      | Reached * piety under Fedhas
  1546 | D:2      | Slain by Crazy Yiuf

Illustrated notes

Levels and vault maps discovered:
D:1:      dpeg_arrival_rooms_a, layout_rooms, minmay_tree_intersection
D:2:      layout_basic, shapermc_ecumenical_altar_venn, dreamdust_wishing_well,
          grunt_ministairs_3, uniq_sigmund, uniq_robin, uniq_crazy_yiuf_cottage

Skill      XL: |  1  2  3  4 |
---------------+-------------+-----
Armour         | 4 5 |  5.3
Fighting       | 4 |  4.0
Axes           | 3 5 |  5.8
Shields        | 4 |  4.3
Dodging        | |  0.9

Action                   |  1- 3 |  4- 6 || total
-------------------------+-------+-------++-------
Melee: War axe           |    58 |    77 ||   135
       Headbutt          |    10 |    14 ||    24
Armor: Scale mail        |    43 |    29 ||    72
Dodge: Dodged            |    36 |    33 ||    69
Block: Buckler           |    20 |    17 ||    37
